 Dungeon Crawl Stone Soup version 0.25.1-2-g60ff931df9 (webtiles) character file.

Game seed: 5901919756149411998

39195 Delamore the Peltast (level 14, -26/98 HPs)
             Began as a Gargoyle Fighter on Oct 13, 2020.
             Was the Champion of Okawaru.
             Annihilated by an ettin
             ... wielding a +0 dire flail
              (37 damage)
             ... on level 1 of the Orcish Mines.
             The game lasted 00:16:31 (15641 turns).

Delamore the Peltast (Gargoyle Fighter)            Turns: 15641, Time: 00:16:31

Health: -26/98     AC: 24    Str: 25    XL:     14   Next: 5%
Magic:  17/17      EV: 10    Int:  9    God:    Okawaru [******]
Gold:   866        SH: 19    Dex:  9    Spells: 13/13 levels left

rFire    . . .     SeeInvis .   W - +10 morningstar of Uncertain Death {holy, rN+ MR++}
rCold    + . .     Gourm    .   c - +0 kite shield
rNeg     + + +     Faith    .   D - +1 ring mail of the Snake Pit {rN+}
rPois    ∞         Spirit   .   (no helmet)
rElec    +         Reflect  +   y - +1 cloak
rCorr    +         Harm     .   n - +2 pair of gloves
MR       +++..                  s - +0 pair of boots
Stlth    ..........             m - amulet of reflection
HPRegen  0.26/turn              a - ring of resist corrosion
MPRegen  0.15/turn              S - ring of protection from cold

@: studying 2 skills
A: big wings, negative energy resistance 1, electricity resistance, unbreathing,
petrification resistance, rot immunity, AC +10
a: Fly, Heroism, Finesse, Renounce Religion


You were on level 1 of the Orcish Mines.
You worshipped Okawaru.
Okawaru was exalted by your worship.
You were not hungry.

You visited 4 branches of the dungeon, and saw 17 of its levels.

You collected 1091 gold pieces.
You spent 225 gold pieces at shops.

Inventory:

Hand Weapons
 W - the +10 morningstar of Uncertain Death (weapon) {holy, rN+ MR++}
   (Okawaru gifted it to you on level 9 of the Dungeon)

   It has been blessed by the Shining One to cause great damage to the undead
   and demons.
   It protects you from negative energy.
   It affects your resistance to hostile enchantments.
Missiles
 k - 12 curare-tipped darts
 p - 25 javelins (quivered)
 G - 2 throwing nets
 N - 8 atropa-tipped darts
Armour
 c - a +0 kite shield (worn)
 n - a +2 pair of gloves (worn)
 s - a +0 pair of boots (worn)
 y - a +1 cloak (worn)
 D - the +1 ring mail of the Snake Pit (worn) {rN+}
   (You found it on level 5 of the Dungeon)

   It protects you from negative energy.
Jewellery
 a - a ring of resist corrosion (left hand)
 m - an amulet of reflection (around neck)
 P - an uncursed ring of positive energy
 R - an uncursed amulet of guardian spirit {unknown}
 S - a ring of protection from cold (right hand)
 Z - a cursed amulet of inaccuracy {unknown}
Wands
 t - a wand of paralysis (14)
 I - a wand of iceblast (16)
 K - a wand of digging (13)
 Q - a wand of flame (21)
 T - a wand of polymorph (15)
Scrolls
 g - 6 scrolls of teleportation
 i - 2 scrolls of fog
 l - 2 scrolls of immolation
 o - 4 scrolls of noise
 q - 2 scrolls of remove curse
 v - a scroll of silence
 w - 3 scrolls of blinking
 A - 4 scrolls of enchant armour {unknown}
 J - 5 scrolls of fear {unknown}
 O - 2 scrolls of amnesia
 V - a scroll of summoning
Potions
 b - a potion of ambrosia
 d - 3 potions of might
 e - 13 potions of curing
 h - 3 potions of flight
 j - 5 potions of haste
 r - a potion of lignification {unknown}
 u - 2 potions of stabbing
 z - a potion of resistance
 B - 2 potions of cancellation
 C - 2 potions of brilliance
 H - a potion of berserk rage
 U - 3 potions of heal wounds
Books
 F - a manual of Slings
 L - a manual of Shields
Comestibles
 f - 30 rations


   Skills:
 - Level 15.0 Fighting
 + Level 14.0 Maces & Flails
 + Level 6.2 Armour
 - Level 15.0 Shields
 - Level 5.0 Invocations
 + Level 4.2 Evocations


You had 13 spell levels left.
You didn't know any spells.
Your spell library contained the following spells:

 Spells                   Type           Power        Failure   Level  Hunger
 Apportation              Tloc           #.....       52%         1    ##.....
 Corona                   Hex            #......      52%         1    ##.....
 Magic Dart               Conj           #...         52%         1    ##.....
 Summon Butterflies       Summ           #.......     52%         1    ##.....
 Ensorcelled Hibernation  Hex/Ice        #.....       65%         2    ###....
 Searing Ray              Conj           #.....       65%         2    ###....
 Confusing Touch          Hex            #.......     87%         3    ####...
 Dazzling Flash           Conj/Hex       #.....       87%         3    ####...
 Lesser Beckoning         Tloc           #.........   87%         3    ####...
 Tukima's Dance           Hex            #.......     87%         3    ####...
 Fulminant Prism          Conj/Hex       #.........   99%         4    #####..
 Iskenderun's Mystic Bla  Conj/Tloc      #.......     99%         4    #####..
 Alistair's Intoxication  Tmut/Pois      #.......     100%        5    ######.
 Invisibility             Hex            #.......     100%        6    #######


Dungeon Overview and Level Annotations

Branches:
Dungeon (9/15)             Temple (1/1) D:4            Lair (6/6) D:8
  Swamp (0/4) Lair:4       Spider (0/4) Lair:3        Slime (0/5) Lair:6
    Orc (1/2) D:9

Altars:
Ashenzari
Cheibriados
Dithmenos
Elyvilon
Fedhas
Gozag
Hepliaklqana
Kikubaaqudgha
Makhleb
Nemelex Xobeh
Okawaru
Qazlal
Ru
Sif Muna
Trog
Uskayaw
Vehumet
Wu Jian
Xom
Yredelemnul
Zin
The Shining One
Jiyva

Shops:
D:4 (   D:6 [


Innate Abilities, Weirdness & Mutations

You are resistant to torment.
Your stone body is resilient. (AC +10)
You are immune to poison.
Your large and strong wings let you fly indefinitely.
You resist negative energy. (rN+)
You are resistant to electric shocks. (rElec)
You can survive without breathing.
You are immune to petrification.
You are immune to rotting.


Message History

You puncture the ettin!
The ettin is heavily wounded.
The ettin hits you with a +0 dire flail.
You block the ettin's attack.
You puncture the ettin!
The ettin is heavily wounded.
You block the ettin's attack.
The ettin hits you with a +0 dire flail.
You puncture the ettin!
The ettin is severely wounded.
You block the ettin's attack.
The ettin hits you with a +0 dire flail!!
* * * LOW HITPOINT WARNING * * *
You hit the ettin.
The ettin is almost dead.
You hit the ettin.
The ettin is almost dead.
You block the ettin's attack.
The ettin hits you with a +0 dire flail!!!
You die...

**,,,,..#* ##..#*
**,#.#...####...#
*,,.......#.....**** **
**,#...........#**,*# ,****
**.#..........##,,.#
,,*,****,.....#.......##.##
,,,,,**,,.................#
,,,,***,,$.....)..)).<$#.#*
*,,,**,*,$.....C@.......#*
*,,,,,,,*.....>..........#*
,,,,,*,*,..........#....#.#*
*,*,,,,,,..................#
***,,,,,,..................#
**,,,**........###..###.##
******#$.##.### #### *##
###*##*


You could see an ettin.

Vanquished Creatures
  Kirke (Lair:5)
  A dire elephant (Lair:6)
  7 hydras
  Harold (D:7)
  A catoblepas (Lair:6)
  A two-headed ogre (D:8)
  5 death yaks (Lair:6)
  A deep troll shaman (Lair:6)
  The ghost of Thomus the Thaumaturge, a journeyman DECj of Vehumet (Lair:1)
  Pikel (D:4)
  11 elephants
  7 black mambas
  8 spiny frogs
  A rime drake (Lair:5)
  Maggie (D:7)
  4 komodo dragons
  A troll (D:9)
  A tyrant leech (Lair:4)
  2 polar bears (Lair:6)
  11 blink frogs
  7 hippogriffs
  A shadow (D:9)
  The ghost of doomsgape the Cudgeler, an amateur OgBe of Trog (D:4)
  Eustachio (D:6)
  A spriggan (D:7)
  10 yaks
  A wyvern (Lair:5)
  3 basilisks
  A hungry ghost (D:7)
  Menkaure (D:6)
  12 water moccasins
  Duvessa (D:7)
  A porcupine (Lair:4)
  A black bear (D:6)
  5 orc warriors (D:9)
  3 ice beasts
  A phantom (D:9)
  29 wolves
  2 ogres
  7 crocodiles
  2 centaurs
  11 bullfrogs
  A gnoll sergeant (D:8)
  Dowan (D:8)
  A wyvern skeleton (D:7)
  6 scorpions
  A killer bee (D:7)
  3 howler monkeys
  An electric eel (Lair:4)
  5 crimson imps
  3 hounds
  2 jellies (D:9)
  8 orc wizards
  7 orc priests
  Crazy Yiuf (D:4)
  6 worker ants
  4 iguanas
  2 hound zombies (D:8)
  A howler monkey zombie (D:7)
  2 worker ant zombies
  16 adders
  19 gnolls
  A howler monkey skeleton (D:4)
  4 shadow imps
  An adder skeleton (D:4)
  2 worms (Lair:3)
  2 dart slugs (D:1)
  8 leopard geckos
  35 orcs
  6 bats
  6 giant cockroaches
  11 goblins
  9 hobgoblins
  13 jackals
  9 kobolds
  4 quokkas
  2 frilled lizards
  A quokka skeleton (D:6)
  10 rats
  A plant (Lair:4)
384 creatures vanquished.

Vanquished Creatures (others)
  Sonja (Lair:1)
  A worker ant (D:4)
  A leopard gecko (D:4)
  15 fungi
  7 plants
25 creatures vanquished.

Grand Total: 409 creatures vanquished

Notes
Turn   | Place    | Note
-------+----------+-------------------------------------------
     0 | D:1      | Delamore the Gargoyle Fighter began the quest for the Orb.
     0 | D:1      | Reached XP level 1. HP: 14/14 MP: 1/1
   115 | D:1      | Reached XP level 2. HP: 17/19 MP: 2/2
   404 | D:1      | Reached XP level 3. HP: 24/24 MP: 3/3
   591 | D:2      | Reached XP level 4. HP: 19/29 MP: 4/4
  1262 | D:2      | Reached XP level 5. HP: 33/34 MP: 5/5
  1592 | D:3      | Found a sacrificial altar of Ru.
  2013 | D:3      | Reached XP level 6. HP: 33/40 MP: 6/6
  2024 | D:3      | Reached skill level 5 in Fighting
  2024 | D:3      | Reached skill level 5 in Shields
  2475 | D:4      | Found a runed translucent door.
  2476 | D:4      | Noticed Crazy Yiuf
  2479 | D:4      | Got a slimy mace
  2480 | D:4      | Identified the +6 mace of the Fray {drain, +Fly Str+3} (You
                  | found it on level 4 of the Dungeon)
  2485 | D:4      | Killed Crazy Yiuf
  2539 | D:4      | Reached skill level 5 in Maces & Flails
  2593 | D:4      | Found a staircase to the Ecumenical Temple.
  2599 | D:4      | Reached XP level 7. HP: 44/44 MP: 7/7
  2605 | Temple   | Entered the Ecumenical Temple
  2782 | Temple   | Became a worshipper of Warmaster Okawaru
  2867 | D:4      | Noticed Pikel
  2880 | D:4      | Killed Pikel
  2880 | D:4      | Reached XP level 8. HP: 40/49 MP: 8/8
  2984 | D:4      | Found Zuasua Masy's Weapon Boutique.
  3002 | D:4      | Found a large runed translucent door.
  3002 | D:4      | Found a large runed translucent door.
  3004 | D:4      | Noticed doomsgape's ghost (amateur OgBe)
  3187 | D:4      | Found a sparkling altar of Nemelex Xobeh.
  3220 | D:4      | Found a shimmering altar of Xom.
  3288 | D:4      | Killed doomsgape's ghost
  3288 | D:4      | Reached * piety under Okawaru
  3354 | D:5      | Entered Level 5 of the Dungeon
  3465 | D:5      | Got a polished ring mail
  3476 | D:5      | Identified the cursed +1 ring mail of the Snake Pit {rN+}
                  | (You found it on level 5 of the Dungeon)
  4163 | D:6      | Found a glowing golden altar of the Shining One.
  4170 | D:6      | Reached ** piety under Okawaru
  4170 | D:6      | Reached skill level 10 in Maces & Flails
  4170 | D:6      | Reached XP level 9. HP: 53/54 MP: 9/9
  4194 | D:6      | Noticed Menkaure
  4202 | D:6      | Killed Menkaure
  4481 | D:6      | Noticed Eustachio
  4506 | D:6      | Killed Eustachio
  4523 | D:6      | Found Ceusiny's Antique Armour Shoppe.
  4527 | D:6      | Bought a pair of embroidered gloves for 225 gold pieces
  4653 | D:6      | Found a shimmering blue altar of Sif Muna.
  4793 | D:7      | Noticed Maggie
  4813 | D:7      | Killed Maggie
  5047 | D:7      | Noticed Dowan
  5048 | D:7      | Noticed Duvessa
  5057 | D:7      | Reached *** piety under Okawaru
  5060 | D:7      | Killed Duvessa
  5080 | D:8      | Killed Dowan
  5543 | D:7      | Noticed Harold
  5560 | D:7      | Killed Harold
  5560 | D:7      | Reached **** piety under Okawaru
  5560 | D:7      | Received a gift from Okawaru
  5560 | D:7      | Reached XP level 10. HP: 59/59 MP: 10/10
  5843 | D:8      | Noticed a two-headed ogre
  5854 | D:8      | Killed a two-headed ogre
  5915 | D:8      | Found a burning altar of Makhleb.
  6189 | D:8      | Found a blossoming altar of Fedhas.
  6189 | D:8      | Found a faded altar of an unknown god.
  6194 | D:8      | Found a shattered altar of Ashenzari.
  6196 | D:8      | Found a faded altar of an unknown god.
  6197 | D:8      | Found a hazy altar of Hepliaklqana.
  6283 | D:8      | Found a staircase to the Lair.
  6494 | D:8      | Reached ***** piety under Okawaru
  6546 | Lair:1   | Entered Level 1 of the Lair of Beasts
  6566 | Lair:1   | Noticed Sonja
  6574 | Lair:1   | Noticed a six-headed hydra
  6578 | Lair:1   | Killed Sonja
  6804 | D:8      | HP: 3/61 [six-headed hydra (6)]
  6856 | D:7      | Reached XP level 11. HP: 12/66 MP: 11/11
  7132 | D:8      | Killed a six-headed hydra
  7339 | Lair:1   | Received a gift from Okawaru
  7720 | Lair:1   | Found a runed translucent door.
  7721 | Lair:1   | Noticed Thomus's ghost (journeyman DECj)
  7737 | Lair:1   | Killed Thomus's ghost
  7884 | Lair:2   | Reached skill level 10 in Shields
  7944 | Lair:2   | Noticed a four-headed hydra
  7956 | Lair:2   | Killed a four-headed hydra
  8742 | Lair:3   | Received a gift from Okawaru
  8752 | Lair:3   | Got a faintly humming ring mail {god gift}
  8763 | Lair:3   | Identified the +2 ring mail of Inevitability {rCorr}
                  | (Okawaru gifted it to you on level 3 of the Lair of Beasts)
  8913 | Lair:3   | Found a hole to the Spider Nest.
  8928 | Lair:3   | Reached skill level 10 in Fighting
  9255 | Lair:4   | Reached XP level 12. HP: 62/77 MP: 12/12
 10024 | Lair:4   | Noticed an eight-headed hydra
 10036 | Lair:4   | Killed an eight-headed hydra
 10303 | Lair:4   | Found a staircase to the Swamp.
 10306 | Lair:4   | Noticed a six-headed hydra
 10314 | Lair:4   | Killed a six-headed hydra
 10403 | Lair:5   | Noticed a seven-headed hydra
 10411 | Lair:5   | Killed a seven-headed hydra
 10642 | Lair:5   | Noticed a five-headed hydra
 10656 | Lair:5   | Killed a five-headed hydra
 10849 | Lair:5   | Noticed an eight-headed hydra
 10859 | Lair:5   | Killed an eight-headed hydra
 10859 | Lair:5   | Received a gift from Okawaru
 10859 | Lair:5   | Reached skill level 15 in Shields
 11076 | Lair:5   | Reached ****** piety under Okawaru
 11105 | Lair:5   | Noticed Kirke
 11485 | Lair:5   | Reached skill level 1 in Invocations
 11960 | Lair:5   | Killed Kirke
 11960 | Lair:5   | Reached XP level 13. HP: 69/88 MP: 14/16
 12135 | Lair:6   | Entered Level 6 of the Lair of Beasts
 12442 | Lair:6   | Reached skill level 5 in Invocations
 13054 | Lair:6   | Found a staircase to the Slime Pits.
 13054 | Lair:6   | Found a viscous altar of Jiyva.
 13092 | Lair:6   | Received a gift from Okawaru
 13607 | Lair:6   | Reached skill level 15 in Fighting
 13615 | Lair:6   | Reached skill level 1 in Evocations
 13941 | Lair:6   | Reached skill level 5 in Armour
 14091 | Lair:6   | Noticed a dire elephant
 14111 | Lair:6   | Killed a dire elephant
 14227 | Lair:6   | Found the amulet of Vitality {Regen+ HP+15}
 14549 | D:9      | Found a shadowy altar of Dithmenos.
 14558 | D:9      | Found a basalt altar of Yredelemnul.
 14558 | D:9      | Found a bloodstained altar of Trog.
 14559 | D:9      | Found an opulent altar of Gozag.
 14696 | D:9      | Received a gift from Okawaru
 14699 | D:9      | Got an ichor-stained morningstar {god gift}
 14700 | D:9      | Identified the +10 morningstar of Uncertain Death {holy,
                  | rN+ MR++} (Okawaru gifted it to you on level 9 of the
                  | Dungeon)
 14719 | D:9      | Gained mutation: Your large and strong wings let you fly
                  | indefinitely. [Gargoyle growth]
 14719 | D:9      | Reached XP level 14. HP: 77/98 MP: 17/17
 15139 | D:9      | Found a staircase to the Orcish Mines.
 15391 | D:9      | Found a shadowy altar of Dithmenos.
 15622 | Orc:1    | Entered Level 1 of the Orcish Mines
 15641 | Orc:1    | Annihilated by an ettin

Illustrated notes

Levels and vault maps discovered:
D:1:      minmay_arrival_three_doors, layout_basic
D:2:      minmay_razor_zed, layout_rooms, st_stairs_12
D:3:      cheibrodos_pilgrimage, layout_loops_cross,
          nicolae_ru_sacrificial_ziggurat, minivault_14
D:4:      layout_rooms, kennysheep_mini_moat, temple_doors_cd, serial_shops,
          nicolae_shop_behind_doors, first_ration, ebering_ghost_disaster_area,
          nemelex_diamond_rough_becter, uniq_pikel, uniq_crazy_yiuf_cottage
D:5:      layout_loops_ring
D:6:      layout_rooms, lemuel_blue_sif_altar, serial_shops, nicolae_shop_trees,
          nicolae_tso_carved_into_rock, uniq_eustachio, uniq_menkaure
D:7:      layout_basic, the_bakery, minmay_manual_moon, uniq_duvessa,
          uniq_harold, uniq_maggie
D:8:      layout_cave_pools, chequers_temple_overflow_minitemple,
          david_lair_shrubbed, basic_altar, hangedman_decor_points,
          minmay_manual_monolith
D:9:      layout_rooms, chequers_temple_overflow_statue_of_worship, david_orc_4,
          nicolae_dithmenos_through_a_glass_darkly
Temple:   minmay_temple_bridge_abc
Lair:1:   layout_big_grid, gammafunk_ghost_grave,
          nicolae_lair_grove_arrangements, uniq_sonja
Lair:2:   layout_concentric_octagons, serial_bayou_pond_b, grunt_megastairs_3,
          lemuel_fruit_fields
Lair:3:   layout_loops_ring, nicolae_spider_entry_non_spiders,
          serial_bayou_shore_a, lemuel_fruit_fields, infiniplex_staircase_pool_2
Lair:4:   layout_loops_ring, palyth_hydra_swamp_entry, serial_bayou_ford_a,
          serial_bayou_pond_b
Lair:5:   layout_small_grid, infiniplex_staircase_pool, uniq_kirke
Lair:6:   grunt_lair_end_beastmaster, layout_misc_corridors, slime_altar_1
Orc:1:    layout_caves, basic_altar, enter_bailey_7, roderic_batcave,
          uniq_gastronok

Skill      XL: |  1  2  3  4  5  6  7  8  9 10 11 12 13 14 |
---------------+-------------------------------------------+-----
Fighting       | 4 5 6 10 13 15 | 15.0
Shields        | 4 5 7 12 15 | 15.0
Maces & Flails | 3 5 8 10 13 14 | 14.0
Invocations    | 4 5 |  5.0
Evocations     | 3 4 |  4.2
Armour         | 5 6 |  6.2

Action                   |  1- 3 |  4- 6 |  7- 9 | 10-12 | 13-15 || total
-------------------------+-------+-------+-------+-------+-------++-------
Melee: Flail             |    67 |    46 |       |       |       ||   113
       Whip              |       |   180 |       |       |       ||   180
       Mace              |       |    19 |   254 |   564 |   385 ||  1222
       Unarmed           |       |       |       |     5 |       ||     5
       Morningstar       |       |       |       |       |   117 ||   117
Throw: Boomerang         |       |       |       |     5 |       ||     5
       Dart              |       |       |       |     1 |       ||     1
       Javelin           |       |       |       |     4 |       ||     4
Invok: Finesse           |       |       |       |     3 |       ||     3
       Heroism           |       |       |       |     1 |       ||     1
  Use: Scroll            |       |       |     7 |    12 |     4 ||    23
       Potion            |       |       |       |     3 |       ||     3
 Stab: Distracted        |       |       |     1 |       |       ||     1
       Held in net/web   |       |       |     1 |       |       ||     1
       Petrified         |       |       |       |       |    15 ||    15
  Eat: Chunk             |       |     6 |    11 |    17 |    12 ||    46
       Ration            |       |       |       |     1 |       ||     1
Armor: Scale mail        |    43 |    85 |    21 |       |       ||   149
       Ring mail         |       |       |    78 |   206 |   154 ||   438
Dodge: Dodged            |    18 |    33 |    69 |   159 |   117 ||   396
Block: Kite shield       |    32 |   170 |   210 |   450 |   427 ||  1289
       Reflection        |       |     1 |     4 |    13 |     4 ||    22
       Other             |       |       |       |     3 |       ||     3
